 Dungeon Crawl Stone Soup version 0.29.0-4-gdea44cf6ec (webtiles) character file.

Game seed: 15266719592722295238

409 mainiacjoe the Magician (level 6, -3/38 HPs)
             Began as an Octopode Hedge Wizard on Aug 26, 2022.
             Slain by Edmund
             ... wielding a +4 vorpal dire flail
              (7 damage)
             ... on level 4 of the Dungeon.
             The game lasted 00:17:15 (4903 turns).

mainiacjoe the Magician (Octopode Hedge Wizard)     Turns: 4903, Time: 00:17:15

Health: -3/38      AC:  5    Str:  9    XL:     6   Next: 89%
Magic:  11/12      EV: 13    Int: 18    God:
Gold:   134        SH:  0    Dex: 12    Spells: 8/13 levels left

rFire   . . .      SeeInvis .   a - +0 whip (freeze)
rCold   . . .      Faith    .   (no shield)
rNeg    . . .      Spirit   .   f - +0 hat
rPois   .          Reflect  .   i - amulet of regeneration
rElec   .          Harm     .   u - +4 ring of protection
rCorr   .          Rampage  .   (no ring)
Will    .....                   (no ring)
Stlth   +++.......              (no ring)
HPRegen 0.92/turn               (no ring)
MPRegen 0.13/turn               (no ring)
                                (no ring)
                                (no ring)

@: no status effects
A: almost no armour, amphibious, 8 rings, camouflage 1, gelatinous body 1,
(nimble swimmer 1), tentacles
a: no special abilities


You were on level 4 of the Dungeon.
You visited 1 branch of the dungeon, and saw 4 of its levels.
You also visited: Sewer.

You collected 134 gold pieces.

Inventory:

Hand Weapons
 a - a +0 whip of freezing (weapon)
 b - a +0 dagger
 m - a +0 short sword
Missiles
 h - 13 stones
 j - 2 atropa-tipped darts {=F}
 l - 7 poisoned darts (quivered)
 o - 5 curare-tipped darts {=F}
Armour
 f - a +0 hat (worn)
Jewellery
 i - an amulet of regeneration (around mantle)
 u - a +4 ring of protection (left tentacle)
 x - a ring of fire
Scrolls
 e - a scroll of amnesia {unknown}
 g - a scroll of fog {unknown}
 k - 2 scrolls of identify {unknown}
 n - a scroll of enchant armour {unknown}
 p - a scroll of acquirement {unknown}
 q - a scroll of magic mapping {unknown}
 s - a scroll of torment {unknown}
 t - 2 scrolls of teleportation {unknown}
 w - a scroll of fear {unknown}
Potions
 c - 2 potions of magic
 d - a potion of degeneration {unknown}
 r - a potion of ambrosia {unknown}
 v - a potion of curing {unknown}


   Skills:
 + Level 1.6 Fighting
 - Level 2.2 Dodging
 - Level 3.1 Stealth
 + Level 4.4 Spellcasting
 - Level 4.0 Conjurations
 - Level 1.6 Summonings
 - Level 3.0 Translocations


You had 8 spell levels left.
You knew the following spells:

 Your Spells              Type           Power      Damage    Failure   Level
a - Magic Dart            Conj           72%        1d6       2%          1
b - Call Imp              Summ           9%         N/A       11%         2
k - Blink                 Tloc           28%        N/A       6%          2

Your spell library contained the following spells:

 Spells                   Type           Power      Damage    Failure   Level
 Apportation              Tloc           28%        N/A       4%          1
 Summon Small Mammal      Summ           36%        N/A       8%          1
 Gell's Gravitas          Tloc           14%        N/A       12%         3
 Lesser Beckoning         Tloc           14%        N/A       12%         3
 Teleport Other           Tloc           14%        N/A       12%         3
 Necrotise                Necr           12%        1d4       14%         1
 Slow                     Hex            12%        N/A       14%         1
 Conjure Flame            Conj/Fire      11%        6-21      19%         3
 Mephitic Cloud           Conj/Pois/Air  8%         N/A       24%         3
 Confusing Touch          Hex            3%         N/A       38%         3
 Yara's Violent Unravell  Hex/Tmut       1%         3d3       98%         5
 Enfeeble                 Hex            1%         N/A       100%        7


Dungeon Overview and Level Annotations

Branches:
Dungeon (4/15)              Sewer (visited)
 Temple: D:4-7

Altars:

Annotations:
D:2 Robin
D:4 Edmund, Menkaure


Innate Abilities, Weirdness & Mutations

You cannot wear most types of armour.
You are amphibious.
You can wear up to eight rings at the same time.
Your skin changes colour to match your surroundings (Stealth+).
Your rubbery body absorbs attacks. (AC +1, EV +1)
((You are camouflaged when in or above water. (Stealth+)))
You have tentacles for arms and can constrict up to eight enemies at once.


Message History

Edmund zaps a wand.
The bolt of light hits you.
Found a scroll labelled SIHAUT VINEIPN.
Found a stone staircase leading down.
There is a stone staircase leading up here.
You aren't carrying any items that you can evoke.
Casting: Magic Dart (safe; 2% risk of failure)
Confirm with . or Enter, or press ? or * to list all spells.
A beastly little devil appears in a puff of flame.
Edmund hits you with a +4 vorpal dire flail.
You closely miss Edmund. Your grab misses Edmund.
You squeeze Edmund, but do no damage.
The kobold shouts!
You hear a shout!
Edmund hits you with a +4 vorpal dire flail!
You hit Edmund. You freeze Edmund. Your grab misses Edmund.
Edmund is lightly wounded.
Edmund zaps a wand.
The bolt of light misses you.
Your crimson imp closely misses Edmund.
You hit Edmund. You freeze Edmund. You grab Edmund.
Edmund is lightly wounded.
You constrict Edmund.
Edmund hits you with a +4 vorpal dire flail!
* * * LOW HITPOINT WARNING * * *
Your crimson imp hits Edmund.
You hit Edmund but do no damage. You squeeze Edmund, but do no damage.
Edmund is moderately wounded.
You constrict Edmund. The kobold misses your crimson imp.
Edmund hits you with a +4 vorpal dire flail!
* * * LOW HITPOINT WARNING * * *
x2 Your crimson imp hits Edmund but does no damage.
You hit Edmund. You freeze Edmund. You squeeze Edmund.
Edmund is moderately wounded.
You constrict Edmund.
The kobold hits your crimson imp with a +0 short sword.
Edmund barely misses you.
Your crimson imp hits the kobold.
The kobold dies!
You hit Edmund but do no damage. You squeeze Edmund.
Edmund is heavily wounded.
You constrict Edmund.
An orc comes into view. It is wielding a +0 short sword.
Edmund hits you with a +4 vorpal dire flail!
You die...

##.. .# ...
.#. #.. .o.
.. ...
#.###.##
...)..#
#.###@5...#
#.?.>@..#
#.#####.# #


You could see Edmund (ally target), an orc and a friendly crimson imp
(summoned).

Vanquished Creatures
  A bullfrog (Sewer)
  A hound (D:4)
  Natasha (D:2)
  3 adders
  3 dart slugs
  An orc (D:4)
  7 endoplasms
  12 giant cockroaches
  2 goblins
  5 hobgoblins
  7 jackals
  6 quokkas
  18 ball pythons
  10 bats
  10 frilled lizards
  7 kobolds
  8 rats
102 creatures vanquished.

Vanquished Creatures (collateral kills)
  A scorpion (D:4)
  An orc wizard (D:4)
  3 adders
  A worm (D:3)
  A dart slug (D:1)
  3 orcs (D:4)
  3 endoplasms
  4 goblins
  2 hobgoblins
  2 jackals (D:4)
  A kobold (D:4)
  5 quokkas
  3 ball pythons
  A bat (D:2)
  A rat (D:3)
32 creatures vanquished.

Grand Total: 134 creatures vanquished

Notes
Turn   | Place    | Note
-------+----------+-------------------------------------------
     0 | D:1      | mainiacjoe the Octopode Hedge Wizard began the quest for
                  | the Orb.
     0 | D:1      | Reached XP level 1. HP: 11/11 MP: 4/4
   210 | D:1      | Reached XP level 2. HP: 17/17 MP: 3/6
   213 | D:1      | Learned a level 2 spell: Blink
   216 | D:1      | Learned a level 2 spell: Call Imp
   737 | D:1      | Reached XP level 3. HP: 12/21 MP: 1/7
  1750 | D:2      | Noticed Natasha
  1760 | D:2      | Noticed Robin
  2097 | D:2      | Reached XP level 4. HP: 27/27 MP: 1/9
  2231 | D:2      | Killed Natasha
  2427 | D:2      | You fall into a shaft and drop 2 floors!
  2440 | D:4      | Reached XP level 5. HP: 31/31 MP: 3/10
  2815 | D:4      | Noticed Menkaure
  2829 | D:4      | Reached XP level 6. HP: 29/36 MP: 9/11
  3300 | D:3      | Found a glowing drain.
  3421 | Sewer    | Entered a sewer
  4216 | Sewer    | Identified the +5 scale mail of the Hairy Sturgeon {rN++
                  | Str+3}
  4225 | Sewer    | Reached skill level 1 in Fighting
  4896 | D:4      | Noticed Edmund
  4903 | D:4      | Slain by Edmund

Illustrated notes

Levels and vault maps discovered:
D:1:      eino_arrival_cavern_d, layout_basic, minmay_fountain_box
D:2:      layout_loops_ring, hellmonk_ecumenical_altar_arch_garden,
          hangedman_decor_push, serial_bayou_pond_b, kennysheep_nondescript,
          uniq_natasha, uniq_robin
D:3:      layout_basic, portal_sewer_entry_c
D:4:      layout_basic, uniq_blork_the_orc, uniq_crazy_yiuf_cottage,
          uniq_menkaure, uniq_edmund, uniq_eustachio

Skill      XL: |  1  2  3  4  5  6 |
---------------+-------------------+-----
Stealth        | 3 |  3.1
Conjurations   | 2 3 4 |  4.0
Translocations | 2 3 |  3.0
Spellcasting   | 4 |  4.4
Fighting       | 1 |  1.6
Dodging        | |  2.2
Summonings     | |  1.6

Action                   |  1- 3 |  4- 6 || total
-------------------------+-------+-------++-------
Melee: Dagger            |     3 |       ||     3
       Constrict         |     9 |    20 ||    29
       Short sword       |    32 |       ||    32
       Tentacles         |     5 |    21 ||    26
       Punch             |     1 |       ||     1
       Whip              |       |    77 ||    77
Throw: Dart              |       |     2 ||     2
 Cast: Magic Dart        |    82 |    85 ||   167
       Call Imp          |     9 |    27 ||    36
 Stab: Distracted        |       |     1 ||     1
       Sleeping          |       |     1 ||     1
Armor: Skin              |     3 |     7 ||    10
Dodge: Dodged            |    27 |    76 ||   103
